 Dungeon Crawl Stone Soup version 0.31-a0-175-g9f7f995f2b (webtiles) character file.

Game seed: 14766771530738063259

603 qw the Shooter (level 7, -7/44 HPs)
             Began as a Gargoyle Hunter on June 17, 2023.
             Mangled by Edmund
             ... wielding a +0 dire flail of protection
              (10 damage)
             ... on level 5 of the Dungeon.
             The game lasted 00:01:57 (3946 turns).

qw the Shooter (Gargoyle Hunter)                    Turns: 3946, Time: 00:01:58

Health: -7/44      AC: 12    Str: 17    XL:     7   Next: 42%
Magic:  0/7        EV: 11    Int: 10    God:
Gold:   212        SH:  0    Dex: 19    Spells: 6/6 levels left

rFire   + . .        Y - +0 shortbow
rCold   . . .        (shield currently unavailable)
rNeg    + . .        a - +0 ring mail
rPois   inf          d - +1 helmet of Fuckigaz {rF+ Str+3 Dex+4 Slay+3}
rElec   +            (no cloak)
rCorr   .            (no gloves)
SInv    .            (no boots)
Will    +....        e - amulet of guardian spirit
Stlth   +            i - ring of willpower
HPRegen 0.27/turn    (no ring)
MPRegen 0.10/turn

%: guardian spirit
@: no status effects
A: sickness immunity, AC +4, negative energy resistance 1, electricity
resistance, torment resistance 1, petrification resistance
a: no special abilities


You were on level 5 of the Dungeon.
You visited 1 branch of the dungeon, and saw 5 of its levels.

You collected 212 gold pieces.


Innate Abilities, Weirdness & Mutations

You are immune to sickness and miasma.
Your stone body is resilient. (AC +4)
You are immune to poison.
You resist negative energy. (rN+)
You are resistant to electric shocks. (rElec)
You are resistant to unholy torment.
You are immune to petrification.


   Skills:
 - Level 4.6 Fighting
 + Level 6.6 Ranged Weapons
 - Level 4.3 Armour
 - Level 1.5 Dodging
 - Level 1.1 Stealth


You had 6 spell levels left.
You didn't know any spells.
Your spell library was empty.

Inventory:

Hand Weapons
 Y - a +0 shortbow (weapon)
Armour
 a - a +0 ring mail (worn)
 d - the +1 helmet of Fuckigaz (worn) {rF+ Str+3 Dex+4 Slay+3}
   (You acquired it on level 2 of the Dungeon)

   Str:       It affects your strength (+3).
   Dex:       It affects your dexterity (+4).
   Slay:      It affects your accuracy & damage with ranged weapons and melee
   (+3).
   rF:        It protects you from fire.
Jewellery
 e - an amulet of guardian spirit (around neck)
 i - a ring of willpower (left hand)
Scrolls
 g - 3 scrolls of identify
Potions
 f - a potion of curing

Dungeon Overview and Level Annotations

Branches:
Dungeon (5/15)
 Temple: D:4-7

Altars:
Cheibriados

Annotations:
D:5 Edmund


Message History

Edmund completely misses you. The adder bites you but does no damage.
You shoot an arrow. The arrow hits Edmund.
Edmund is moderately wounded.
The adder closely misses you.
Edmund hits you with a +0 dire flail of protection!
The adder barely misses you. Edmund misses you.
You shoot an arrow. The arrow hits Edmund.
Edmund is heavily wounded.
The adder bites you but does no damage. Edmund closely misses you.
You shoot an arrow. The arrow completely misses Edmund.
The adder bites you but does no damage.
Edmund hits you with a +0 dire flail of protection.
The adder misses you.
You shoot an arrow.
The arrow hits Edmund but does no damage.
Edmund is heavily wounded.
The adder bites you but does no damage. Edmund barely misses you.
You shoot an arrow. The arrow hits Edmund!
Edmund is heavily wounded.
The adder bites you but does no damage. Edmund barely misses you.
The adder bites you but does no damage.
You shoot an arrow. The arrow closely misses Edmund.
Edmund hits you but does no damage. The adder closely misses you.
You shoot an arrow.
The arrow hits Edmund but does no damage.
Edmund is heavily wounded.
The adder closely misses you. Edmund closely misses you.
The adder barely misses you.
You shoot an arrow. The arrow closely misses Edmund.
Edmund hits you with a +0 dire flail of protection!
The adder bites you but does no damage. Edmund hits you but does no damage.
You shoot an arrow.
The arrow hits Edmund but does no damage.
Edmund is heavily wounded.
The adder bites you but does no damage. Edmund barely misses you.
The adder bites you.
You shoot an arrow. The arrow barely misses Edmund.
The adder bites you.
Edmund hits you with a +0 dire flail of protection!
You die...

........ .....##. .....#
....... .. ...#.... .
### ........ . ....
.......#.##. .....
.......#..#.######......
............[...@S......
......#####....##@......
........# #..#.# #......
......#.###..#.###......
..<...#......#..........
......# ##..............
......# ##..#####......
####.## #..# ...... #.#
##..## .....


You could see Edmund and an adder.

Vanquished Creatures
  Sigmund (D:2)
  An ogre (D:4)
  A phantom (D:4)
  A hound (D:4)
  A jelly (D:3)
  A sleepcap (D:5)
  4 gnolls (D:4)
  7 adders
  An ufetubus (D:5)
  3 worms
  A dart slug (D:3)
  6 orcs (D:3)
  8 endoplasms
  4 giant cockroaches
  11 goblins
  9 hobgoblins
  8 jackals
  6 kobolds
  2 quokkas
  7 ball pythons
  5 bats
  A frilled lizard (D:2)
  2 rats
91 creatures vanquished.

Notes
Turn   | Place    | Note
-------+----------+-------------------------------------------
     0 | D:1      | qw the Gargoyle Hunter began the quest for the Orb.
     0 | D:1      | Reached XP level 1. HP: 12/12 MP: 1/1
     0 | D:1      | 0 ||| qw: Version: 0.3-a-2-g5ab2908
     0 | D:1      | 0 ||| qw: Game counter: 378
     0 | D:1      | 0 ||| qw: Always use a shield: true
     0 | D:1      | 0 ||| qw: God list: Okawaru
     0 | D:1      | 0 ||| qw: Allow faded altars: false
     0 | D:1      | 0 ||| qw: Do Orc after D:15 true
     0 | D:1      | 0 ||| qw: Do second Lair branch before Depths: true
     0 | D:1      | 0 ||| qw: Lair rune preference: random
     0 | D:1      | 0 ||| qw: Plans: Normal, Zot:1-4, Slime:5, God:TSO, Crypt,
                  | Tomb, Abyss, Pan, Hells, Win
     0 | D:1      | 0 ||| PLANNING D:1-11
    72 | D:1      | Reached XP level 2. HP: 17/17 MP: 2/2
   254 | D:1      | Reached XP level 3. HP: 21/21 MP: 3/3
   261 | D:1      | Reached skill level 5 in Ranged Weapons
   457 | D:1      | You fall into a shaft and drop 1 floor!
   516 | D:2      | Reached skill level 3 in Fighting
   527 | D:2      | 527 ||| UPGRADING to +0 helmet.
   532 | D:2      | 532 ||| DROPPING +6 ring of intelligence.
   533 | D:2      | 533 ||| READING scroll labelled XYMIUMM GAIFO.
   534 | D:2      | 534 ||| READING scroll labelled MICEUC GATOICYC.
   534 | D:2      | Identified a scroll of acquirement
   534 | D:2      | 534 ||| ACQUIRING +1 helmet of Fuckigaz {rF+ Str+3 Dex+4
                  | Slay+3}
   534 | D:2      | Acquired the +1 helmet of Fuckigaz {rF+ Str+3 Dex+4 Slay+3}
   535 | D:2      | 535 ||| DROPPING scroll of butterflies.
   560 | D:2      | Reached XP level 4. HP: 19/28 MP: 4/4
   828 | D:1      | 828 ||| UPGRADING to +0 ring mail.
   838 | D:1      | 838 ||| DROPPING +0 leather armour.
   872 | D:2      | Noticed Sigmund
   897 | D:2      | HP: 1/28 [Sigmund/puff of flame (13)]
   901 | D:2      | 901 ||| FLEEEEING.
   904 | D:2      | 904 ||| STAIRDANCE
  1011 | D:2      | 1011 ||| STAIRDANCE
  1036 | D:2      | 1036 ||| STAIRDANCE
  1088 | D:2      | 1088 ||| STAIRDANCE
  1112 | D:2      | 1112 ||| STAIRDANCE
  1151 | D:2      | 1151 ||| STAIRDANCE
  1183 | D:2      | 1183 ||| STAIRDANCE
  1218 | D:2      | 1218 ||| STAIRDANCE
  1220 | D:2      | 1220 ||| STAIRDANCE
  1222 | D:2      | 1222 ||| STAIRDANCE
  1238 | D:2      | 1238 ||| STAIRDANCE
  1249 | D:2      | 1249 ||| STAIRDANCE
  1320 | D:2      | 1320 ||| STAIRDANCE
  1339 | D:2      | 1339 ||| STAIRDANCE
  1361 | D:2      | 1361 ||| STAIRDANCE
  1429 | D:2      | 1429 ||| STAIRDANCE
  1444 | D:2      | 1444 ||| STAIRDANCE
  1490 | D:2      | 1490 ||| STAIRDANCE
  1492 | D:2      | 1492 ||| STAIRDANCE
  1494 | D:2      | 1494 ||| STAIRDANCE
  1525 | D:2      | Killed Sigmund
  1526 | D:2      | Reached XP level 5. HP: 28/32 MP: 5/5
  1757 | D:2      | Reached XP level 6. HP: 31/37 MP: 6/6
  2281 | D:2      | 2281 ||| UPGRADING to +1 helmet of Fuckigaz {rF+ Str+3
                  | Dex+4 Slay+3}.
  2291 | D:2      | 2291 ||| DROPPING +0 helmet.
  2292 | D:2      | 2292 ||| UPGRADING to ring of willpower.
  2293 | D:2      | 2293 ||| READING scroll labelled DUFUOCKA WUEKLU.
  2294 | D:2      | 2294 ||| READING scroll labelled RAOBRUCORO.
  2295 | D:2      | 2295 ||| DRINKING 2 sedimented blue potions.
  2400 | D:2      | 2400 ||| READING 3 scrolls of identify.
  2400 | D:2      | 2400 ||| IDENTIFYING fizzy grey potion
  2401 | D:2      | 2401 ||| DROPPING potion of berserk rage.
  2535 | D:3      | Identified the +1 spear of Excruciating Pain {heavy, rElec
                  | rF+ Int-2 Dex+5}
  2652 | D:3      | Found a snail-covered altar of Cheibriados.
  2987 | D:4      | Reached skill level 6 in Ranged Weapons
  3172 | D:4      | Reached XP level 7. HP: 34/42 MP: 7/7
  3235 | D:4      | HP: 2/42 [ogre/+0 giant spiked club (21)]
  3236 | D:4      | 3236 ||| DRINKING potion of heal wounds.
  3783 | D:4      | 3783 ||| UPGRADING to amulet of guardian spirit.
  3788 | D:4      | 3788 ||| READING scroll labelled DIXOG LOUNE.
  3789 | D:4      | 3789 ||| READING scroll labelled WUCHYM SIFUOB.
  3790 | D:4      | 3790 ||| READING 4 scrolls of identify.
  3790 | D:4      | 3790 ||| IDENTIFYING bubbling coppery potion
  3840 | D:5      | Entered Level 5 of the Dungeon
  3915 | D:5      | Noticed Edmund
  3937 | D:5      | HP: 11/44 [Edmund/+0 dire flail of protection (7)]
  3944 | D:5      | HP: 4/44 [Edmund/+0 dire flail of protection (7)]
  3946 | D:5      | Mangled by Edmund

Levels and vault maps discovered:
D:1:      minmay_arrival_shattered_statue, layout_basic, minmay_pentomino_z2
D:2:      layout_basic, uniq_sigmund
D:3:      layout_basic, mainiacjoe_overflow_24_doors,
          nicolae_concentric_dashed_squares_wild
D:4:      layout_gridville
D:5:      layout_rooms, mainiacjoe_overflow_paths, uniq_edmund

Skill      XL: |  1  2  3  4  5  6  7 |
---------------+----------------------+-----
Ranged Weapons | 5 6 |  6.6
Fighting       | 3 4 |  4.6
Armour         | 4 |  4.3
Dodging        | |  1.5
Stealth        | |  1.1

Action                     |  1- 3 |  4- 6 |  7- 9 || total
---------------------------+-------+-------+-------++-------
   Fire: Shortbow          |   107 |   200 |    77 ||   384
    Use: Scroll            |     2 |     3 |     3 ||     8
         Potion            |       |     1 |     1 ||     2
 Armour: Leather armour    |    18 |       |       ||    18
         Ring mail         |       |    57 |    26 ||    83
  Dodge: Dodged            |    40 |    52 |    34 ||   126

Table legend:
 A = Non-vault XP
 B = Vault XP
 C = Vault XP percentage of total XP
 D = Non-vault monster count
 E = Vault monster count
 F = Vault count percentage of total count
                 A         B        C        D         E       F
            +---------+---------+-------+---------+---------+-------
      Total |     648 |     214 |  24.8 |      90 |       1 |   1.1
            +---------+---------+-------+---------+---------+-------
        D:1 |      46 |       0 |   0.0 |      25 |       0 |   0.0
        D:2 |      72 |     214 |  74.8 |      20 |       1 |   4.8
        D:3 |      82 |       0 |   0.0 |      17 |       0 |   0.0
        D:4 |     362 |       0 |   0.0 |      23 |       0 |   0.0
        D:5 |      86 |       0 |   0.0 |       5 |       0 |   0.0
            +---------+---------+-------+---------+---------+-------
